 Dungeon Crawl Stone Soup version 0.30-a0-777-ga9a30cbeda (webtiles) character file.

Game seed: 17962892502231302803

114 horus123 the Magician (level 4, -2/36 HPs)
             Began as a Naga Venom Mage on Feb 15, 2023.
             Was an Initiate of Cheibriados.
             Killed by divine providence
             ... invoked by an orc priest
              (12 damage)
             ... on level 4 of the Dungeon.
             The game lasted 00:08:51 (3009 turns).

horus123 the Magician (Naga Venom Mage)             Turns: 3009, Time: 00:08:52

Health: -2/36      AC:  3    Str: 12    XL:     4   Next: 97%
Magic:  9/10       EV: 10    Int: 18    God:    Cheibriados [......]
Gold:   102        SH:  0    Dex: 12    Spells: 2/12 levels left

rFire   . . .      SeeInvis +    p - +0 whip (flame)
rCold   . . .      Faith    .    (no shield)
rNeg    . . .      Spirit   .    a - +0 robe
rPois   +          Reflect  .    h - +0 helmet
rElec   .          Harm     .    (no cloak)
rCorr   .          Rampage  .    (no gloves)
Will    .....                    (no barding)
Stlth   ++                       (no amulet)
HPRegen 0.26/turn                (no ring)
MPRegen 0.12/turn                (no ring)

@: short of breath, very slow
A: AC +1, large, see invisible, deformed body, poison resistance, slowness 2,
spit poison 1, naga tail 1
a: Spit Poison, Renounce Religion


You were on level 4 of the Dungeon.
You worshipped Cheibriados.
Cheibriados was noncommittal.
You visited 2 branches of the dungeon, and saw 5 of its levels.

You collected 102 gold pieces.

Inventory:

Hand Weapons
 o - a +0 mace
 p - a +0 whip of flaming (weapon)
Missiles
 c - 2 silver javelins
Armour
 a - a +0 robe (worn)
 h - a +0 helmet (worn)
Scrolls
 d - a scroll of fear {unknown}
 e - a scroll of teleportation {unknown}
 f - a scroll of blinking {unknown}
 i - a scroll of identify {unknown}
 l - a scroll of vulnerability {unknown}
 q - 3 scrolls of amnesia {unknown}
 r - a scroll of torment {unknown}
 t - 2 scrolls of poison {unknown}
Potions
 b - a potion of magic
 g - 2 potions of invisibility {unknown}
 j - a potion of curing {unknown}
 k - a potion of attraction {unknown}
 m - a potion of heal wounds {unknown}
 n - a potion of mutation {unknown}
 s - a potion of brilliance {unknown}


   Skills:
 - Level 1.5 Dodging
 - Level 3.0 Stealth
 + Level 4.6 Spellcasting
 - Level 1.0 Transmutations
 - Level 4.0 Poison Magic


You had 2 spell levels left.
You knew the following spells:

 Your Spells              Type           Power      Damage    Failure   Level
a - Sting                 Tmut/Pois      52%        1d5       4%          1
b - Poisonous Vapours     Pois/Air       22%        N/A       10%         2
c - Mephitic Cloud        Conj/Pois/Air  8%         N/A       24%         3
d - Olgreb's Toxic Radia  Pois           18%        N/A       26%         4

Your spell library contained the following spells:

 Spells                   Type           Power      Damage    Failure   Level


Dungeon Overview and Level Annotations

Branches:
Dungeon (4/15)             Temple (1/1) D:4

Altars:
Ashenzari
Cheibriados
Dithmenos
Elyvilon
Fedhas
Gozag
Hepliaklqana
Kikubaaqudgha
Makhleb
Trog
Wu Jian
Xom

Shops:
D:2 (


Innate Abilities, Weirdness & Mutations

Your serpentine skin is tough. (AC +1)
You have supernaturally acute eyesight. (SInv)
Armour fits poorly on your strangely shaped body.
Your system is resistant to poisons. (rPois)
You cover ground very slowly.
You can spit poison.
You have a snake-like lower body.


Message History

The orc wizard is severely wounded.
The orc shouts!
The orc wizard barely misses you.
The orc priest shouts!
You closely miss the orc wizard.
The orc wizard is severely wounded.
The orc wizard mumbles some strange words.
The orc wizard flickers and vanishes for a moment.
You closely miss the orc wizard.
The orc wizard is severely wounded.
The orc wizard hits you but does no damage.
You barely miss the orc wizard.
The orc wizard is severely wounded.
The orc wizard hits you with a +0 dagger.
You closely miss the orc wizard.
The orc wizard is severely wounded.
The orc wizard barely misses you.
The orc priest looks braver for a moment.
You hit the orc wizard but do no damage.
The orc wizard is severely wounded.
The orc wizard hits you with a +0 dagger.
The orc priest calls down the wrath of Beogh upon you.
You struggle to resist.
Aiming: Spit Poison (1% risk of failure)
Press: ? - help, Shift-Dir - straight line, f - orc, p - orc wizard
Aim: an orc, wielding a +0 heavy hand axe and wearing a +0 leather armour (59% to hit)
The splash of poison misses the orc priest.
The splash of poison hits the orc but does no damage.
The orc is poisoned.
The orc wizard hits you with a +0 dagger.
The orc priest mumbles some strange prayers to Beogh against you.
Pain shoots through your body!
You hit the orc wizard but do no damage.
The orc wizard is almost dead.
The orc wizard hits you with a +0 dagger.
* * * LOW HITPOINT WARNING * * *
The orc priest closely misses you. The orc wizard misses you.
The orc priest calls down the wrath of Beogh upon you.
Beogh smites you!
You die...

## .. .# #.# #######.##
#...##...#####
#.<...........
##..o##...####.#
########...@ooo........
##........|.###o........
##.#.#####>#####..#####.
##.###..........#....##
#.## ##.....###.#.....##.#
##.###..######...o...<.#.##
##.#.#.# ##...o...o.....
###...#.#####..>.....o.....
#..............(........≈..


You could see an orc priest, an orc wizard (invisible, poisoned) and 3 orcs.

Vanquished Creatures
  A hound (D:4)
  2 adders
  An ufetubus (D:3)
  2 worms
  3 dart slugs
  2 orcs (D:3)
  4 endoplasms
  3 giant cockroaches
  3 goblins
  3 hobgoblins
  3 quokkas
  3 bats
  3 frilled lizards (D:1)
  8 kobolds
  6 rats
47 creatures vanquished.

Notes
Turn   | Place    | Note
-------+----------+-------------------------------------------
     0 | D:1      | horus123 the Naga Venom Mage began the quest for the Orb.
     0 | D:1      | Reached XP level 1. HP: 15/15 MP: 3/3
   274 | D:1      | Reached XP level 2. HP: 22/22 MP: 2/5
   517 | D:1      | Learned a level 2 spell: Poisonous Vapours
   871 | D:1      | Reached XP level 3. HP: 28/28 MP: 4/7
   877 | D:1      | Learned a level 3 spell: Mephitic Cloud
  1089 | D:2      | Found Tenay's Weapon Boutique.
  1196 | D:2      | You fall into a shaft and drop 1 floor!
  1907 | D:3      | Reached XP level 4. HP: 6/36 MP: 6/9
  2667 | D:4      | Found a staircase to the Ecumenical Temple.
  2681 | Temple   | Entered the Ecumenical Temple
  2812 | Temple   | Became a worshipper of Cheibriados the Contemplative
  2877 | D:4      | Learned a level 4 spell: Olgreb's Toxic Radiance
  3009 | D:4      | Killed from afar by an orc priest

Illustrated notes

Levels and vault maps discovered:
D:1:      shiori_shiawase, layout_basic, minmay_misc_feat_roman,
          chequers_serial_rivers_small_a, nicolae_wormholes
D:2:      layout_basic, serial_shops, shop, chequers_serial_rivers_large_b,
          kennysheep_generic_room_14, uniq_terence
D:3:      layout_basic
D:4:      layout_loops_ring, old_standard_altar,
          nicolae_qazlal_general_emergency, minmay_temple_entry_mist
Temple:   nicolae_temple_hex_pool

Skill      XL: |  1  2  3  4 |
---------------+-------------+-----
Spellcasting   | 3 4 |  4.6
Dodging        | |  1.5
Stealth        | |  3.0
Transmutations | |  1.0
Poison Magic   | |  4.0

Action                     |  1- 3 |  4- 6 || total
---------------------------+-------+-------++-------
  Melee: Unarmed           |     3 |       ||     3
         Short sword       |    10 |       ||    10
         Whip              |     4 |    40 ||    44
         Mace              |     2 |       ||     2
         Punch             |     1 |       ||     1
   Cast: Sting             |    54 |    17 ||    71
Ability: Spit Poison       |     4 |     2 ||     6
 Armour: Robe              |     4 |    13 ||    17
         Leather armour    |     7 |       ||     7
  Dodge: Dodged            |    28 |    20 ||    48

Table legend: (Time is in decaauts)
 A = Elapsed time spent in this place.
 B = Non-inter-level travel time spent in this place.
 C = Inter-level travel time spent in this place.
 D = Time resting spent in this place.
 E = Time spent auto-exploring this place.
 F = Levels seen in this place.
 G = Mean time per level.
                   A        B        C        D        E       F      G
               +--------+--------+--------+--------+--------+-----+--------+
         Total |   3835 |   3800 |     35 |    407 |   2415 |   5 |  767.0 |
       Dungeon |   3605 |   3570 |     35 |    407 |   2415 |   4 |  901.2 |
        Temple |    230 |    230 |      0 |      0 |      0 |   1 |  230.0 |
               +--------+--------+--------+--------+--------+-----+--------+

Top non-repeatable levels by time:
     D:3: 1787 daAuts
     D:1: 1269 daAuts
     D:4: 331 daAuts
  Temple: 230 daAuts
     D:2: 216 daAuts
